 Dungeon Crawl Stone Soup version 0.19-a0-38-ga776ef0 (webtiles) character file.

2 tyvek the Grave Robber (level 1, 0/13 HPs)
             Began as a Vampire Necromancer on May 4, 2016.
             Slain by a dart slug (1 damage)
             ... on level 1 of the Dungeon.
             The game lasted 00:00:47 (29 turns).

tyvek the Grave Robber (Vampire Necromancer)          Turns: 29, Time: 00:00:47

Health: 0/13       AC:  2    Str:  7    XL:     1   Next: 33%
Magic:  1/3        EV: 12    Int: 17    God:
Gold:   14         SH:  0    Dex: 14    Spells: 1 memorised, 3 levels left

rFire  . . .     SeeInvis +     (no weapon)
rCold  . . .     Gourm    .     a - +0 robe
rNeg   + . .     Faith    .     (no shield)
rPois  .         Spirit   .     (no helmet)
rElec  .         Dismiss  .     (no cloak)
rCorr  .         Reflect  .     (no gloves)
SustAt .         Harm     .     (no boots)
MR     .....                    (no amulet)
Stlth  ++........               (no ring)
                                (no ring)

@: not resistant to hostile enchantments, unstealthy
A: fangs 3, see invisible, unbreathing
a: no special abilities


You were on level 1 of the Dungeon.
You were not thirsty.

You visited 1 branch of the dungeon, and saw 1 of its levels.

You collected 14 gold pieces.

Inventory:

Armour
 a - a +0 robe (worn)
Potions
 c - a potion of blood {@q1}
Books
 b - a book of Necromancy


   Skills:
 + Level 2.2 Dodging
 + Level 3.1 Stealth
 + Level 2.1 Spellcasting
 + Level 4.3 Necromancy


You had 3 spell levels left.
You knew the following spells:

 Your Spells              Type           Power        Failure   Level  Hunger
a - Pain                  Necr           ###.         3%          1    #......


Dungeon Overview and Level Annotations

Branches:
Dungeon (1/15)

Altars:


Innate Abilities, Weirdness & Mutations

You have razor-sharp teeth.
You have supernaturally acute eyesight.
You can survive without breathing.


Message History

Welcome, tyvek the Vampire Necromancer.
It is said that the Orb of Zot exists deep within this dungeon, but nobody has ever found it.
Found 14 gold pieces.
Found a staircase leading out of the dungeon.
Read which item? (? for menu, Esc to quit)
Okay, then.
There's nothing here to drain!
There's nothing here to drain!
There's nothing here to drain!
You now have 14 gold pieces.
You open the large door.
A rat and a kobold come into view.
Found an escape hatch in the floor.
There is a large open door here.
The kobold shouts!
The kobold hits you with a short sword.
You take 3 damage, and have 10/13 hp.
MASSIVE DAMAGE!!
Aim: a kobold, wielding a short sword (chance to defeat MR: 93%)
The kobold convulses in agony!
You kill the kobold!
You take 1 damage, and have 9/13 hp.
You now have 2/3 mp.
Aim: a rat (chance to defeat MR: 93%)
The rat convulses in agony!
You kill the rat!
You take 1 damage, and have 8/13 hp.
You now have 1/3 mp.
You open the door.
A hobgoblin comes into view.
The hobgoblin shouts!
There is an open door here.
A hobgoblin is nearby!
A dart slug comes into view.
The hobgoblin hits you.
You take 1 damage, and have 7/13 hp.
Aim: a hobgoblin (chance to defeat MR: 93%)
The hobgoblin convulses in agony!
The hobgoblin closely misses you.
You take 1 damage, and have 6/13 hp.
You now have 0/3 mp.
You don't have enough magic to cast that spell.
The hobgoblin hits you.
* * * LOW HITPOINT WARNING * * *
You take 4 damage, and have 2/13 hp.
MASSIVE DAMAGE!!
The dart slug launches a dart at you. The slug dart hits you!
* * * LOW HITPOINT WARNING * * *
There is an open door here.
You take 1 damage, and have 1/13 hp.
You hit the hobgoblin but do no damage. You bite the hobgoblin.
The hobgoblin misses you.
You hit the hobgoblin but do no damage. The hobgoblin closely misses you.
You hit the hobgoblin.
You kill the hobgoblin!
You barely miss the dart slug. You hit the dart slug but do no damage.
The dart slug bites you.
You die...

#.. . #.###.# ##+#
#...#.# ##...##
#..... ##.....##
#...##
##.......###..#.####
#..>......##.?......
+.........@w......#
#.........###$...##
#.......## .#.##
###...).## .# #
#.......# .#
#.####''#### ..
#8......8# ##
#≈§.....≈#
#≈......≈#


You could see a dart slug.

Vanquished Creatures
  A hobgoblin (D:1)
  A kobold (D:1)
  A rat (D:1)
3 creatures vanquished.

Notes
Turn   | Place    | Note
--------------------------------------------------------------
     0 | D:1      | tyvek the Vampire Necromancer began the quest for the Orb.
     0 | D:1      | Reached XP level 1. HP: 13/13 MP: 3/3
    23 | D:1      | HP: 2/13 [hobgoblin (4)]
    29 | D:1      | Slain by a dart slug

Vault maps used:
D:1:      lightli_arrival_noodles, minivault_25, serial_bayou_pond_a

Action                   || total
-------------------------++-------
Melee: Unarmed           ||     5
       Bite              ||     1
 Cast: Pain              ||     3
Dodge: Dodged            ||     3

Vault maps used:
D:1:      lightli_arrival_noodles, minivault_25, serial_bayou_pond_a

Table legend:
 A = Turns spent in this place as a percentage of turns spent in the entire game.
 B = Non-inter-level travel turns spent in this place as a percentage of non-inter-level travel turns spent in the entire game.
 C = Inter-level travel turns spent in this place as a percentage of turns spent in this place.
 D = Turns resting spent in this place as a percentage of non-inter-level travel turns spent in this place.
 E = Turns spent auto-exploring this place as a percentage of non-inter-level travel turns spent in this place.
 F = Non-inter-level travel turns spent in this place divided by the number of levels of this place that you've seen.
                   A       B       C       D       E      F
               +-------+-------+-------+-------+-------+----------------------
         Total | 100.0 | 100.0 |   0.0 |   0.0 |   7.7 |  26.0
       Dungeon | 100.0 | 100.0 |   0.0 |   0.0 |   7.7 |  26.0
               +-------+-------+-------+-------+-------+----------------------

Table legend:
 A = Kills in this place as a percentage of kills in entire the game.
 B = Kills by you in this place as a percentage of kills by you in the entire game.
 C = Kills by friends in this place as a percentage of kills by friends in the entire game.
 D = Other kills in this place as a percentage of other kills in the entire game.
 E = Experience gained in this place as a percentage of experience gained in the entire game.
 F = Experience gained in this place divided by the number of levels of this place that you have seen.
                   A       B       C       D       E      F
               +-------+-------+-------+-------+-------+----------------------
         Total | 100.0 | 100.0 |  -nan |  -nan | 100.0 |   4.0
       Dungeon | 100.0 | 100.0 |  -nan |  -nan | 100.0 |   4.0
               +-------+-------+-------+-------+-------+----------------------
